 Dungeon Crawl Stone Soup version 0.29.1-1-gd02db6906a (webtiles) character file.

Game seed: 13710709693323834748

559 masschaos23 the Chopper (level 7, 0/91 HPs)
             Began as a Hill Orc Fighter on Sept 15, 2022.
             Was an Initiate of Beogh.
             Slain by Edmund
             ... wielding a +3 vorpal flail
              (17 damage)
             ... on level 5 of the Dungeon.
             The game lasted 00:07:07 (3955 turns).

masschaos23 the Chopper (Hill Orc Fighter)          Turns: 3955, Time: 00:07:07

Health: 0/91       AC: 23    Str: 21    XL:     7   Next: 31%
Magic:  7/7        EV:  2    Int:  8    God:    Beogh [......]
Gold:   214        SH:  4    Dex: 10    Spells: 6/6 levels left

rFire   . . .      SeeInvis .   a - +0 war axe (vamp)
rCold   . . .      Faith    .   c - +0 buckler
rNeg    . . .      Spirit   .   (body armour currently unavailable)
rPois   +          Reflect  .   (helmet currently unavailable)
rElec   .          Harm     .   (cloak currently unavailable)
rCorr   .          Rampage  .   (gloves currently unavailable)
Will    .....      NoTele   +   (boots currently unavailable)
Stlth   +.........              (no amulet)
HPRegen 0.25/turn               (no ring)
MPRegen 0.10/turn               (no ring)

@: tree-form
A: stationary, stasis, torment immunity, boosted hp
a: Renounce Religion


You were on level 5 of the Dungeon.
You worshipped Beogh.
Beogh was noncommittal.
You were a tree.
You visited 1 branch of the dungeon, and saw 5 of its levels.

You collected 214 gold pieces.

Inventory:

Hand Weapons
 a - a +0 vampiric war axe (weapon)
 r - a +4 quarterstaff
Missiles
 l - 4 boomerangs (quivered)
 q - 6 poisoned darts
Armour
 b - a +0 scale mail
 c - a +0 buckler (worn)
 i - a +1 plate armour (melded)
Scrolls
 f - 2 scrolls of enchant armour
 p - a scroll of vulnerability
Potions
 d - 2 potions of might
 g - 2 potions of attraction
 h - 4 potions of flight
 j - a potion of magic {unknown}
 k - a potion of mutation {unknown}
 m - a potion of resistance
 n - 2 potions of heal wounds {unknown}
 o - 2 potions of curing
 s - a potion of berserk rage {unknown}
 t - a potion of haste


   Skills:
 + Level 5.2 Fighting
 + Level 6.9 Axes
 + Level 0.3 Throwing
 + Level 5.0 Armour
 + Level 0.2 Dodging
 + Level 1.3 Stealth
 + Level 4.3 Shields


You had 6 spell levels left.
You didn't know any spells.
Your spell library contained the following spells:

 Spells                   Type           Power      Damage    Failure   Level
 Ensorcelled Hibernation  Hex/Ice        0%         N/A       63%         2
 Passwall                 Tmut/Erth      0%         N/A       63%         2
 Scorch                   Fire           0%         2d5       63%         2
 Conjure Flame            Conj/Fire      0%         6-21      86%         3
 Swiftness                Air            0%         N/A       86%         3
 Flame Wave               Conj/Fire      0%         2d4       99%         4
 Borgnjor's Vile Clutch   Necr/Erth      0%         N/A       100%        5


Dungeon Overview and Level Annotations

Branches:
Dungeon (5/15)             Temple (0/1) D:4

Altars:
Fedhas
Gozag
Makhleb
Xom
Yredelemnul

Annotations:
D:3 1 runed translucent door, Crazy Yiuf
D:5 Edmund


Message History

You hit Edmund but do no damage.
Edmund is moderately wounded.
Edmund hits you but does no damage.
You turn into a tree.
Your +1 plate armour melds into your body.
Your roots penetrate the ground.
Edmund hits you but does no damage.
You closely miss Edmund.
Edmund is moderately wounded.
Edmund hits you with a +3 vorpal flail.
* * * LOW HITPOINT WARNING * * *
x2 You closely miss Edmund.
Edmund is moderately wounded.
Edmund hits you but does no damage.
You hit Edmund.
You feel better.
Edmund is moderately wounded.
Edmund hits you but does no damage. Edmund hits you with a +3 vorpal flail.
* * * LOW HITPOINT WARNING * * *
x2 You closely miss Edmund.
Edmund is moderately wounded.
Edmund hits you but does no damage.
You completely miss Edmund.
Edmund is moderately wounded.
Edmund hits you but does no damage.
You slash Edmund!
Edmund is heavily wounded.
Edmund hits you but does no damage.
You barely miss Edmund.
Edmund is heavily wounded.
Edmund hits you but does no damage. Edmund hits you with a +3 vorpal flail.
* * * LOW HITPOINT WARNING * * *
x2 You hit Edmund.
Edmund is severely wounded.
Edmund hits you with a +3 vorpal flail.
* * * LOW HITPOINT WARNING * * *
x2 You hit Edmund but do no damage.
Edmund is severely wounded.
Edmund hits you with a +3 vorpal flail!
* * * LOW HITPOINT WARNING * * *
x2 You feel better.
Edmund hits you with a +3 vorpal flail!
You die...

#########
#.......#
#.#####.###
#.##....#.##
#.##.##....##
#####...........##
#........##.......
#.###########.####
#♣# #.# #@# #.#
#.# ##'## #.#
##...## #.#
#.#.....## #.#
#........# #..
#......... #...
......§.... #.#.@
≈≈≈≈≈§≈§≈≈§≈


You could see Edmund (strong).

Vanquished Creatures
  An ogre (D:4)
  A phantom (D:4)
  Blork the orc (D:5)
  2 jellies (D:3)
  An orc priest (D:4)
  2 hounds
  2 orc wizards
  3 adders
  3 dart slugs
  8 orcs
  5 ball pythons
  11 bats
  10 endoplasms
  3 giant cockroaches
  4 goblins
  8 hobgoblins
  2 iguanas
  A jackal (D:3)
  4 frilled lizards
  5 kobolds
  5 rats
82 creatures vanquished.

Vanquished Creatures (others)
  An orc (D:4)
1 creature vanquished.

Grand Total: 83 creatures vanquished

Notes
Turn   | Place    | Note
-------+----------+-------------------------------------------
     0 | D:1      | masschaos23 the Hill Orc Fighter began the quest for the
                  | Orb.
     0 | D:1      | Reached XP level 1. HP: 19/19 MP: 1/1
    91 | D:1      | Reached XP level 2. HP: 24/27 MP: 2/2
   638 | D:1      | Reached XP level 3. HP: 33/33 MP: 3/3
   833 | D:2      | Found a basalt altar of Yredelemnul.
   865 | D:2      | Reached skill level 3 in Axes
  1184 | D:2      | Found a faded altar of an unknown god.
  1641 | D:3      | Reached XP level 4. HP: 36/40 MP: 4/4
  1718 | D:3      | Found a shimmering altar of Xom.
  1766 | D:3      | Reached skill level 1 in Stealth
  1963 | D:3      | Found a runed translucent door.
  1964 | D:3      | Noticed Crazy Yiuf
  2103 | D:3      | Reached skill level 4 in Axes
  2103 | D:3      | Reached XP level 5. HP: 46/46 MP: 5/5
  2110 | D:3      | Found a blossoming altar of Fedhas.
  2360 | D:3      | Got the Secrets of Ignition and the Caves
  2665 | D:4      | Reached skill level 5 in Axes
  2720 | D:4      | Became a worshipper of Beogh the Brigand
  2733 | D:4      | Reached XP level 6. HP: 52/53 MP: 6/6
  2962 | D:4      | Found a staircase to the Ecumenical Temple.
  3179 | D:4      | Reached skill level 6 in Axes
  3189 | D:4      | Reached XP level 7. HP: 15/60 MP: 7/7
  3626 | D:5      | Entered Level 5 of the Dungeon
  3749 | D:5      | Found an opulent altar of Gozag.
  3750 | D:5      | Noticed Blork the orc
  3766 | D:5      | Reached skill level 5 in Fighting
  3773 | D:5      | Killed Blork the orc
  3774 | D:5      | Reached skill level 5 in Armour
  3875 | D:5      | Found a burning altar of Makhleb.
  3929 | D:5      | Noticed Edmund
  3955 | D:5      | Slain by Edmund

Illustrated notes

Levels and vault maps discovered:
D:1:      roderic_chinese_lattice_arrival, layout_loops_cross
D:2:      layout_loops_ring, ebering_ecumenical_altar_petrified, basic_altar
D:3:      minmay_general_purpose_star, layout_rooms, dk_xom_monty_hall,
          lemuel_coloured_pillars_altar, uniq_crazy_yiuf_cottage
D:4:      layout_basic, minmay_temple_entry_fiery, grunt_decor_resistance
D:5:      layout_loops_corners, amethyst_overflow_temple_binary,
          cheibriados_altar_1, mainiacjoe_overflow_catwalk_spiral,
          nicolae_stop_n_shop_1, uniq_blork_the_orc, uniq_edmund

Skill      XL: |  1  2  3  4  5  6  7 |
---------------+----------------------+-----
Fighting       | 4 5 |  5.2
Axes           | 3 4 5 6 |  6.9
Stealth        | 1 |  1.3
Armour         | 4 5 |  5.0
Shields        | 4 |  4.3
Throwing       | |  0.3
Dodging        | |  0.2

Action                   |  1- 3 |  4- 6 |  7- 9 || total
-------------------------+-------+-------+-------++-------
Melee: War axe           |   110 |   116 |    40 ||   266
Throw: Boomerang         |    17 |       |       ||    17
Invok: Convert to Beogh  |       |     1 |       ||     1
  Use: Scroll            |       |    10 |     4 ||    14
       Potion            |       |       |     2 ||     2
Armor: Scale mail        |    27 |       |       ||    27
       Plate armour      |    49 |    77 |    19 ||   145
       Skin              |       |       |     7 ||     7
Dodge: Dodged            |    44 |    31 |     4 ||    79
Block: Buckler           |    33 |    25 |     5 ||    63
